[Event "ICC tourney 2248 (120 10)"]
[Site "Internet Chess Club"]
[Date "2020.12.27"]
[Round "4"]
[White "playerlucky"]
[Black "StevChess01"]
[Result "1-0"]
[ICCResult "Black resigns"]
[WhiteElo "1802"]
[BlackElo "1684"]
[Opening "King's Indian: Smyslov system"]
[ECO "E61"]
[NIC "KI.76"]
[Time "17:17:46"]
[PlyCount "95"]
[TimeControl "7200+10"]

1. d4 Nf6 2. Nf3 g6 3. c4 Bg7 4. Nc3 d6 5. Bg5 O-O 6. e3 Nbd7 7. Be2 c6 8.
Qc2 Re8 9. O-O e5 10. Rfd1 h6 11. Bh4 g5 12. Bg3 Nh5 13. Rac1 Nxg3 14. hxg3
a6 15. a3 Qe7 16. b4 b5 17. d5 Nb6 18. dxc6 Nxc4 19. Nd5 Qa7 20. Bxc4 bxc4
21. Qxc4 Be6 22. e4 Kh8 23. Qe2 f5 24. Nd2 Bxd5 25. exd5 e4 26. Nb3 e3 27.
f4 gxf4 28. gxf4 Re4 29. g3 Bf6 30. Kh2 Qg7 31. Rc2 Rg8 32. Rg1 Rxf4 33.
Qxe3 Re4 34. Qf3 Rh4+ 35. Kg2 Be5 36. Kf1 Bxg3 37. c7 Qe5 38. Rxg3 Rxg3 39.
c8=Q+ Rg8 40. Qcc3 Rhg4 41. Qxe5+ dxe5 42. Rg2 Rf4 43. Qxf4 exf4 44. Rxg8+
Kxg8 45. Nd4 Kf7 46. Nxf5 Kf6 47. d6 Ke6 48. Kf2 { Black resigns } 1-0

[Event "ICC tourney 2248 (120 10)"]
[Site "Internet Chess Club"]
[Date "2020.12.27"]
[Round "4"]
[White "DrBoler"]
[Black "Yamato1945"]
[Result "0-1"]
[ICCResult "White resigns"]
[WhiteElo "1636"]
[BlackElo "1452"]
[Opening "Queen's pawn, Mason variation, Steinitz counter-gambit"]
[ECO "D00"]
[NIC "QP.08"]
[Time "17:17:49"]
[PlyCount "96"]
[TimeControl "7200+10"]

1. d4 d5 2. Bf4 c5 3. e3 Nc6 4. c3 Bf5 5. Nd2 cxd4 6. exd4 e6 7. Ngf3 Nf6
8. Ne5 Nxe5 9. dxe5 Nd7 10. Nf3 Bc5 11. Bd3 Bg6 12. O-O O-O 13. Qe2 Qc7 14.
Rfd1 Bh5 15. Bxh7+ Kh8 16. Bd3 Rfe8 17. h3 f6 18. g4 Bf7 19. Bg3 fxe5 20.
Nxe5 Nxe5 21. Bxe5 Bd6 22. Re1 Kg8 23. Qe3 Qe7 24. Bxd6 Qxd6 25. Qe5 Qe7
26. Re3 Rac8 27. Rae1 Red8 28. Bf5 Rd6 29. Rd1 Qd8 30. Bc2 Rcc6 31. Rd4 b5
32. Rb4 Rc5 33. Bd3 a6 34. Qd4 Qc7 35. a4 Rb6 36. a5 Rd6 37. Qe5 d4 38. Qg3
dxe3 39. Qxe3 Rcd5 40. Be4 Rd1+ 41. Kg2 e5 42. Qg5 Rf6 43. Qh4 Qc5 44. Bh7+
Kf8 45. Re4 Rd2 46. Re3 Bd5+ 47. Kf1 Rdxf2+ 48. Qxf2 Qxe3 { White resigns }
0-1

[Event "ICC tourney 2248 (120 10)"]
[Site "Internet Chess Club"]
[Date "2020.12.27"]
[Round "4"]
[White "charles102"]
[Black "oregonchessguy"]
[Result "1-0"]
[ICCResult "Black resigns"]
[WhiteElo "1800"]
[BlackElo "1857"]
[Opening "QGD: Albin counter-gambit"]
[ECO "D08"]
[NIC "QG.02"]
[Time "17:18:12"]
[PlyCount "33"]
[TimeControl "7200+10"]

1. d4 d5 2. c4 e5 3. e3 exd4 4. exd4 Bb4+ 5. Nc3 Nf6 6. a3 Bxc3+ 7. bxc3
O-O 8. Be2 dxc4 9. a4 Bf5 10. Bg5 Qd6 11. Bxf6 Qxf6 12. Nf3 Nc6 13. O-O
Rad8 14. a5 Bd3 15. Bxd3 cxd3 16. Qxd3 Ne5 17. dxe5 { Black resigns } 1-0

[Event "ICC tourney 2248 (120 10)"]
[Site "Internet Chess Club"]
[Date "2020.12.27"]
[Round "4"]
[White "messyblaster"]
[Black "Threehundreds"]
[Result "1-0"]
[ICCResult "Black resigns"]
[WhiteElo "1563"]
[BlackElo "1437"]
[Opening "Grünfeld: exchange variation"]
[ECO "D85"]
[NIC "GI.04"]
[Time "17:17:42"]
[PlyCount "191"]
[TimeControl "7200+10"]

1. d4 Nf6 2. c4 g6 3. Nc3 d5 4. cxd5 Nxd5 5. e4 Nxc3 6. bxc3 Bg7 7. Bf4 c5
8. Bxb8 Rxb8 9. Qa4+ Bd7 10. Qxa7 cxd4 11. cxd4 b6 12. Qa3 O-O 13. Nf3 Bg4
14. Be2 Bxf3 15. Bxf3 Qxd4 16. O-O Qc5 17. Qxc5 bxc5 18. Rac1 Bd4 19. Rc2
e5 20. Be2 Rb6 21. Bc4 Rfb8 22. Bb3 Kf8 23. Rd1 Rxb3 24. axb3 Rxb3 25. Kf1
Ke7 26. Ke2 Rb2 27. Rxb2 Bxb2 28. Kd3 Bd4 29. f3 Kf6 30. Rb1 Ke6 31. Kc4
Kf6 32. Kd5 Kg5 33. Rb7 Kf6 34. h3 h6 35. Rc7 h5 36. Kc4 Ke6 37. Rc6+ Ke7
38. Kd5 Kd7 39. Ra6 Ke7 40. Rb6 Kf8 41. Kd6 c4 42. Rc6 c3 43. Kd7 Kg7 44.
g4 hxg4 45. hxg4 f5 46. exf5 gxf5 47. gxf5 Kf7 48. f6 c2 49. Rxc2 Kxf6 50.
Re2 Kf5 51. Re4 Bc3 52. Kd6 Bb2 53. Kd5 Bc3 54. Kd6 Bb2 55. Ke7 Bc3 56. Kf7
Bb2 57. Kg7 Bc3 58. Kh6 Bb2 59. Kh5 Bc3 60. Kh4 Bb2 61. Kg3 Bc1 62. Kf2 Bb2
63. Ke2 Bd4 64. Kd3 Bb2 65. Rg4 Bd4 66. Kc4 Bb2 67. Kd5 Bc3 68. Kc4 Bb2 69.
Kd3 Bd4 70. Ke2 Bb2 71. Rg8 Ba3 72. Ra8 Bc5 73. Ra5 Bd4 74. Ra8 Bc5 75. Rh8
Ba3 76. Rh7 Kg6 77. Ra7 Bc5 78. Rc7 Bd4 79. Kd3 Kf5 80. Rf7+ Ke6 81. Rf8
Bc5 82. Rc8 Bd4 83. Ke4 Bb2 84. Rc6+ Kd7 85. Kd5 Ke7 86. Re6+ Kf7 87. Rxe5
Kf6 88. Rh5 Bc1 89. Ke4 Bb2 90. f4 Bc1 91. Rc5 Bb2 92. Rc6+ Kf7 93. Kf5 Ke7
94. Kg6 Kd7 95. Rc2 Ba1 96. Re2 { Black resigns } 1-0

[Event "ICC tourney 2248 (120 10)"]
[Site "Internet Chess Club"]
[Date "2020.12.27"]
[Round "4"]
[White "TheChessShark"]
[Black "FlowingMelody"]
[Result "1-0"]
[ICCResult "Black resigns"]
[WhiteElo "1888"]
[BlackElo "1307"]
[Opening "Queen's pawn game"]
[ECO "D00"]
[NIC "QP.08"]
[Time "17:17:48"]
[PlyCount "105"]
[TimeControl "7200+10"]

1. d4 d5 2. e3 e6 3. Bd3 Nf6 4. Nd2 Bd6 5. f4 Nc6 6. c3 Bd7 7. Ngf3 Qe7 8.
O-O O-O 9. Ne5 Nb8 10. g4 g6 11. g5 Nh5 12. Be2 Ng7 13. Ng4 Nf5 14. Nf6+
Kh8 15. Nf3 c5 16. Bd3 Bc6 17. Bxf5 exf5 18. Ne5 Bxe5 19. fxe5 Nd7 20. Qf3
Nxf6 21. gxf6 Qd7 22. Qh3 cxd4 23. exd4 Rg8 24. Rf4 h5 25. Rh4 f4 26. Qf3
Qf5 27. Rxf4 Qe6 28. Kf2 Bd7 29. Rh4 Qf5 30. Bf4 Bc6 31. Rg1 Qc2+ 32. Ke3
Qe4+ 33. Qxe4 dxe4 34. Rg5 Rgc8 35. e6 Be8 36. Be5 Kh7 37. d5 Rc5 38. Bd4
Rcc8 39. Re5 Kh6 40. Kxe4 g5 41. Be3 Rc4+ 42. Kf3 Rxh4 43. Bxg5+ Kg6 44.
Bxh4 Rd8 45. Rg5+ Kh6 46. Rg7 Rxd5 47. exf7 Bxf7 48. Rxf7 Kg6 49. Rg7+ Kf5
50. Rg5+ Ke6 51. Rxd5 Kxd5 52. f7 Ke6 53. f8=Q { Black resigns } 1-0

[Event "ICC tourney 2248 (120 10)"]
[Site "Internet Chess Club"]
[Date "2020.12.27"]
[Round "4"]
[White "ShanksGames"]
[Black "jHanna"]
[Result "1-0"]
[ICCResult "Black resigns"]
[WhiteElo "1591"]
[BlackElo "1787"]
[Opening "French: Tarrasch, closed variation, main line"]
[ECO "C06"]
[NIC "FR.17"]
[Time "17:17:37"]
[PlyCount "75"]
[TimeControl "7200+10"]

1. e4 e6 2. d4 d5 3. Nd2 Nf6 4. e5 Nfd7 5. Bd3 c5 6. c3 Nc6 7. Ne2 cxd4 8.
cxd4 f6 9. Nf4 Nxd4 10. Qh5+ Ke7 11. Ng6+ hxg6 12. exf6+ Kxf6 13. Qxh8 e5
14. Qh4+ g5 15. Ne4+ Kg6 16. Ng3+ Kf7 17. Bg6+ Ke6 18. Qg4+ Kd6 19. Nf5+
Nxf5 20. Bxf5 Nf6 21. Qb4+ Kc6 22. Qa4+ b5 23. Qc2+ Kb7 24. O-O e4 25.
Bxc8+ Rxc8 26. Qb3 Bd6 27. Qxb5+ Ka8 28. g3 Rc5 29. Qa4 Qh8 30. Bxg5 Ng4
31. h4 Ne5 32. Rac1 Qc8 33. Rxc5 Qh3 34. Rc3 d4 35. Qxd4 Ng4 36. Qd5+ Kb8
37. Qxd6+ Ka8 38. Qc6+ { Black resigns } 1-0

[Event "ICC tourney 2248 (120 10)"]
[Site "Internet Chess Club"]
[Date "2020.12.27"]
[Round "4"]
[White "atevifred"]
[Black "sanjeevraman"]
[Result "1-0"]
[ICCResult "Black resigns"]
[WhiteElo "1846"]
[BlackElo "1651"]
[Opening "English: Neo-Catalan"]
[ECO "A13"]
[NIC "RE.11"]
[Time "17:18:12"]
[PlyCount "85"]
[TimeControl "7200+10"]

1. Nf3 d5 2. c4 e6 3. g3 Nf6 4. Bg2 c5 5. O-O Bd6 6. Na3 a6 7. d3 O-O 8.
Bd2 Nc6 9. Re1 Re8 10. Qc1 Qe7 11. Qb1 d4 12. e3 e5 13. exd4 cxd4 14. Nc2
Qc7 15. b4 b6 16. Bg5 Nd7 17. Nfxd4 Bb7 18. Nxc6 Bxc6 19. Bxc6 Qxc6 20. Bd2
e4 21. Nd4 Qc7 22. Nf5 g6 23. Nh6+ Kg7 24. Ng4 h5 25. Bc3+ Kh7 26. Ne3 Ne5
27. Nd5 Qd8 28. Kg2 Nxd3 29. Rxe4 Ne5 30. f4 Nd7 31. Rxe8 Qxe8 32. Qd3 Qe6
33. Re1 Qf5 34. Qd4 Rg8 35. Ne7 Qc2+ 36. Kg1 Bxe7 37. Rxe7 Qc1+ 38. Re1 Qc2
39. c5 bxc5 40. bxc5 Nf8 41. Re8 Qc1+ 42. Kf2 Qc2+ 43. Kf3 { Black resigns
} 1-0

[Event "ICC tourney 2248 (120 10)"]
[Site "Internet Chess Club"]
[Date "2020.12.27"]
[Round "4"]
[White "Nikhilp"]
[Black "asergeev"]
[Result "1/2-1/2"]
[ICCResult "Game drawn by mutual agreement"]
[WhiteElo "1737"]
[BlackElo "1898"]
[Opening "Caro-Kann: closed (Breyer) variation"]
[ECO "B10"]
[NIC "CK.01"]
[Time "17:18:10"]
[PlyCount "93"]
[TimeControl "7200+10"]

1. e4 c6 2. d3 d5 3. Nd2 Nf6 4. Ngf3 Bg4 5. Qe2 e5 6. g3 Nbd7 7. h3 Bxf3 8.
Nxf3 dxe4 9. dxe4 Bc5 10. Bg2 O-O 11. O-O Re8 12. Nd2 Qc7 13. Nb3 Bb6 14.
a4 a5 15. Be3 Bxe3 16. Qxe3 Nf8 17. Qc3 b6 18. Rfd1 Rad8 19. Rd3 Rxd3 20.
Qxd3 Ne6 21. Rd1 Rd8 22. Qe2 Rxd1+ 23. Qxd1 Qd7 24. Qxd7 Nxd7 25. Kf1 Ndc5
26. Nxc5 Nxc5 27. b3 b5 28. axb5 cxb5 29. Ke2 Kf8 30. Kd2 Ke7 31. Kc3 Ne6
32. h4 Kd6 33. Bf1 Nd4 34. Kb2 Kc5 35. c3 Ne6 36. Ka3 b4+ 37. cxb4+ axb4+
38. Ka4 Nd4 39. Bd3 g5 40. hxg5 Nf3 41. Bc4 Nxg5 42. f4 Nxe4 43. fxe5 Nxg3
44. Bxf7 Nf5 45. e6 Ne7 46. Ka5 Nd5 47. Ka4 { Game drawn by mutual
agreement } 1/2-1/2

[Event "ICC tourney 2248 (120 10)"]
[Site "Internet Chess Club"]
[Date "2020.12.27"]
[Round "4"]
[White "haofangzhu"]
[Black "Coolbull"]
[Result "1-0"]
[ICCResult "Black resigns"]
[WhiteElo "1454"]
[BlackElo "1743"]
[Opening "Ruy Lopez: closed, Chigorin defense"]
[ECO "C97"]
[NIC "RL.23"]
[Time "17:17:44"]
[PlyCount "105"]
[TimeControl "7200+10"]

1. e4 e5 2. Nf3 Nc6 3. Bb5 a6 4. Ba4 Nf6 5. O-O Be7 6. Re1 b5 7. Bb3 d6 8.
c3 O-O 9. h3 Na5 10. Bc2 c5 11. d4 Qc7 12. d5 c4 13. Nbd2 Bd7 14. a4 Nb7
15. Nf1 Nc5 16. axb5 axb5 17. Bg5 h6 18. Bxf6 Bxf6 19. Rb1 Be7 20. Ne3 Kh8
21. g4 f6 22. Nh4 Kh7 23. Kg2 g6 24. Nf3 Rg8 25. Rh1 Rg7 26. Qd2 Rag8 27.
Kg3 Bc8 28. Rh2 Bd7 29. Rhh1 Qc8 30. Nh4 f5 31. exf5 Bxh4+ 32. Kxh4 Qd8+
33. Kg3 gxf5 34. Nxf5 Bxf5 35. Bxf5+ Rg6 36. Bxg6+ Rxg6 37. Qe3 Rf6 38. f3
Rf4 39. Ra1 Qb6 40. Rhe1 Qd8 41. Ra7+ Kg8 42. Rea1 Qb6 43. R7a6 Qxa6 44.
Rxa6 Nxa6 45. Qb6 Nc5 46. Qxd6 Nd3 47. Qg6+ Kf8 48. Qxh6+ Ke7 49. Qe6+ Kf8
50. d6 Ne1 51. d7 Rxf3+ 52. Kh4 Ng2+ 53. Kg5 { Black resigns } 1-0

[Event "ICC tourney 2248 (120 10)"]
[Site "Internet Chess Club"]
[Date "2020.12.27"]
[Round "4"]
[White "minitotoro"]
[Black "Cambod1"]
[Result "0-1"]
[ICCResult "White resigns"]
[WhiteElo "1563"]
[BlackElo "1739"]
[Opening "Torre attack (Tartakower variation)"]
[ECO "D03"]
[NIC "QP.07"]
[Time "17:17:55"]
[PlyCount "86"]
[TimeControl "7200+10"]

1. d4 Nf6 2. Bg5 d5 3. Nf3 c5 4. e3 Nc6 5. dxc5 Ne4 6. Bf4 Bg4 7. Be2 e6 8.
O-O Bxc5 9. h3 Bh5 10. c4 O-O 11. cxd5 exd5 12. Nc3 Nxc3 13. bxc3 f6 14.
Qb3 Na5 15. Qb5 Rc8 16. Rfd1 a6 17. Qb2 Rf7 18. Qd2 Rd7 19. Rac1 Ba3 20.
Rb1 Bg6 21. Bd3 Nc4 22. Qc2 Bxd3 23. Rxd3 b5 24. Nd4 Qe7 25. Qe2 Qe4 26.
Nc2 Bc5 27. Nb4 Bxb4 28. cxb4 Ne5 29. Bxe5 fxe5 30. Rbd1 Qxb4 31. Rxd5 Rxd5
32. Rxd5 Qc4 33. Qxc4 bxc4 34. Kf1 c3 35. Rd1 Kf7 36. Ke2 e4 37. f3 Ke6 38.
Rc1 Kd5 39. Kd1 Kc4 40. Kc2 Rb8 41. fxe4 Rb2+ 42. Kd1 Kd3 43. e5 c2+ {
White resigns } 0-1

[Event "ICC tourney 2248 (120 10)"]
[Site "Internet Chess Club"]
[Date "2020.12.27"]
[Round "4"]
[White "sunnyjingxu"]
[Black "Kugelblitzer"]
[Result "1-0"]
[ICCResult "Black checkmated"]
[WhiteElo "1711"]
[BlackElo "1535"]
[Opening "Sicilian: closed"]
[ECO "B24"]
[NIC "SI.44"]
[Time "17:17:47"]
[PlyCount "135"]
[TimeControl "7200+10"]

1. e4 c5 2. Nc3 Nc6 3. g3 Nf6 4. Bg2 e6 5. d3 d5 6. f4 dxe4 7. Nxe4 Bd7 8.
Bd2 e5 9. Nf3 Bg4 10. h4 Nxe4 11. dxe4 exf4 12. Bxf4 Qxd1+ 13. Rxd1 Nd4 14.
Nxd4 Bxd1 15. Kxd1 cxd4 16. e5 Bc5 17. Bxb7 Rb8 18. Bc6+ Ke7 19. b3 Rb6 20.
Bd5 h6 21. Rf1 Rd8 22. Bc4 f6 23. Re1 f5 24. e6 Bd6 25. Bxd6+ Rbxd6 26. Re5
Kf6 27. Ra5 a6 28. Rxa6 Rxa6 29. Bxa6 Kxe6 30. Bd3 g6 31. a4 Kd6 32. Ke2
Re8+ 33. Kf3 Re3+ 34. Kf4 Ke6 35. g4 fxg4 36. Kxg4 Kf6 37. h5 g5 38. a5 Re1
39. a6 Rb1 40. Bb5 Ke5 41. a7 Ra1 42. Ba4 Rg1+ 43. Kh3 Rh1+ 44. Kg2 Rxh5
45. a8=Q Rh4 46. Qe8+ Kf4 47. Bd7 h5 48. Qf7+ Ke5 49. Qf5+ Kd6 50. Qxg5 Re4
51. Qg6+ Ke5 52. Qxh5+ Kf4 53. b4 Re3 54. Qg4+ Ke5 55. b5 Rc3 56. Qf5+ Kd6
57. b6 d3 58. cxd3 Rc2+ 59. Kf3 Rc1 60. Qe6+ Kc5 61. Qc6+ Kd4 62. Qxc1 Kxd3
63. b7 Kd4 64. b8=Q Kd5 65. Qd1+ Kc4 66. Qc7+ Kb4 67. Qb1+ Ka3 68. Qa7# {
Black checkmated } 1-0

[Event "ICC tourney 2248 (120 10)"]
[Site "Internet Chess Club"]
[Date "2020.12.27"]
[Round "4"]
[White "Mapking1"]
[Black "CharlesDQuigley"]
[Result "1/2-1/2"]
[ICCResult "Game drawn by mutual agreement"]
[WhiteElo "1874"]
[BlackElo "1815"]
[Opening "Sicilian: Taimanov (Bastrikov) variation"]
[ECO "B47"]
[NIC "SI.40"]
[Time "17:17:51"]
[PlyCount "45"]
[TimeControl "7200+10"]

1. e4 c5 2. Nf3 e6 3. d4 cxd4 4. Nxd4 Nc6 5. Nc3 Qc7 6. Be2 a6 7. Nxc6 bxc6
8. b3 Nf6 9. Bb2 d5 10. Bd3 Bd6 11. Qe2 O-O 12. h3 Nd7 13. Na4 Ne5 14. O-O
a5 15. Rfd1 Nxd3 16. cxd3 Ba6 17. e5 Be7 18. Rac1 Bb5 19. Nc5 a4 20. b4
Bxc5 21. bxc5 Qe7 22. Qg4 Kh8 23. a3 { Game drawn by mutual agreement }
1/2-1/2

[Event "ICC tourney 2248 (120 10)"]
[Site "Internet Chess Club"]
[Date "2020.12.27"]
[Round "4"]
[White "rokrchess"]
[Black "JACOBCHESS857"]
[Result "1/2-1/2"]
[ICCResult "Game drawn because neither player has mating material"]
[WhiteElo "1619"]
[BlackElo "1424"]
[Opening "Ruy Lopez: classical (Cordel) defense"]
[ECO "C64"]
[NIC "RL.01"]
[Time "17:18:08"]
[PlyCount "116"]
[TimeControl "7200+10"]

1. e4 e5 2. Nf3 Nc6 3. Bb5 Bc5 4. O-O d6 5. c3 Bd7 6. d4 Bb6 7. Re1 exd4 8.
cxd4 Nge7 9. Bg5 O-O 10. e5 Re8 11. exd6 cxd6 12. Nc3 f6 13. Bc4+ Kh8 14.
Bf4 Bg4 15. Nb5 Bc7 16. Be6 Bh5 17. d5 Ne5 18. Nxe5 fxe5 19. Qxh5 exf4 20.
Bf7 Rf8 21. Nd4 g6 22. Bxg6 Nxg6 23. Ne6 Qe7 24. Nxf8 Qxf8 25. Re6 Ne5 26.
Rc1 Bb6 27. Qh6 Qxh6 28. Rxh6 Bxf2+ 29. Kf1 Bc5 30. Ke2 Re8 31. Re6 Rxe6
32. dxe6 Kg7 33. b4 Bb6 34. Rc8 Kf6 35. Rb8 Kxe6 36. Rh8 Nc6 37. a3 Nd4+
38. Kd3 f3 39. gxf3 Nxf3 40. Rxh7 Kf6 41. Rxb7 Nxh2 42. Kc4 Nf3 43. Kd5 Nd2
44. a4 Kf5 45. a5 Be3 46. Kxd6 Nc4+ 47. Kc7 Bf4+ 48. Kd8 Be3 49. Rf7+ Ke5
50. Re7+ Kd6 51. Rc7 Ne5 52. b5 Kd5 53. Kc8 Nc4 54. Kb7 Nxa5+ 55. Ka8 Bb6
56. Rxa7 Bxa7 57. Kxa7 Nc6+ 58. bxc6 Kxc6 { Game drawn because neither
player has mating material } 1/2-1/2

[Event "ICC tourney 2248 (120 10)"]
[Site "Internet Chess Club"]
[Date "2020.12.27"]
[Round "4"]
[White "joeandjoe56"]
[Black "doudou2011"]
[Result "1/2-1/2"]
[ICCResult "Game drawn because neither player has mating material"]
[WhiteElo "1744"]
[BlackElo "1412"]
[Opening "Sicilian: Pelikan, Chelyabinsk variation"]
[ECO "B33"]
[NIC "SI.37"]
[Time "17:17:51"]
[PlyCount "171"]
[TimeControl "7200+10"]

1. e4 c5 2. Nf3 Nc6 3. d4 cxd4 4. Nxd4 Nf6 5. Nc3 e5 6. Ndb5 d6 7. Bg5 a6
8. Na3 b5 9. Nd5 Be7 10. Bxf6 Bxf6 11. c3 O-O 12. Nc2 Bg5 13. Nce3 Bxe3 14.
Nxe3 Ne7 15. a4 bxa4 16. Rxa4 a5 17. Bd3 Be6 18. O-O Rb8 19. Qe2 Bb3 20.
Ra3 Qb6 21. Bc4 a4 22. Bxb3 axb3 23. Nc4 Qb5 24. Ra5 Qc6 25. Rd1 Rfd8 26.
Ra7 Ng6 27. g3 f6 28. Qd3 Rb5 29. Na3 Rb6 30. Qc4+ Qxc4 31. Nxc4 Rc6 32.
Na5 Rb6 33. Rb7 Rxb7 34. Nxb7 Rd7 35. Nxd6 Ne7 36. Rd2 Ra7 37. Kf1 Nc6 38.
Ke2 Ra2 39. Kd3 Na5 40. Nc4 Nb7 41. f3 Nc5+ 42. Ke3 Kf7 43. f4 exf4+ 44.
gxf4 Kg6 45. f5+ Kh5 46. Kd4 Na4 47. Na5 Nxc3 48. Kxc3 Rxa5 49. Kxb3 Re5
50. Re2 g6 51. fxg6 hxg6 52. Kc4 Kg4 53. Kd4 Kf3 54. Re3+ Kf4 55. Re1 Rb5
56. Rf1+ Kg5 57. Rf2 Rb4+ 58. Kd3 Rb5 59. Kc4 Re5 60. Re2 Kf4 61. Rf2+ Kg5
62. Kd4 Rb5 63. Rg2+ Kh5 64. h3 Rb3 65. Rh2 Kh4 66. Kc4 Re3 67. Kd5 Rb3 68.
Rg2 g5 69. Ke6 Kxh3 70. Rc2 Rf3 71. b4 g4 72. b5 g3 73. b6 Rb3 74. Kxf6
Rxb6+ 75. Kf5 g2 76. Rxg2 Kxg2 77. e5 Rb1 78. Kf6 Rf1+ 79. Ke7 Kg3 80. e6
Kg4 81. Kd7 Rd1+ 82. Kc7 Rc1+ 83. Kd7 Ra1 84. e7 Ra7+ 85. Kd8 Rxe7 86. Kxe7
{ Game drawn because neither player has mating material } 1/2-1/2

[Event "ICC tourney 2248 (120 10)"]
[Site "Internet Chess Club"]
[Date "2020.12.27"]
[Round "4"]
[White "rohitk14"]
[Black "trucker"]
[Result "0-1"]
[ICCResult "White checkmated"]
[WhiteElo "1057"]
[BlackElo "1610"]
[Opening "Ruy Lopez: Berlin defense, Beverwijk variation"]
[ECO "C65"]
[NIC "RL.07"]
[Time "17:18:15"]
[PlyCount "156"]
[TimeControl "7200+10"]

1. e4 e5 2. Nf3 Nc6 3. Bb5 Nf6 4. O-O Bc5 5. c3 O-O 6. Re1 d6 7. h3 Bb6 8.
d4 Qe7 9. Bg5 h6 10. Bh4 Nb8 11. Bd3 Nbd7 12. Nbd2 c6 13. Nc4 Bc7 14. a4
Re8 15. Bc2 Nf8 16. Qd3 Ng6 17. Bg3 Nh5 18. Bh2 Nhf4 19. Qe3 b5 20. axb5
cxb5 21. Na5 Qf6 22. b4 Be6 23. Bb3 Bxa5 24. Bxe6 Bb6 25. Bd7 Re7 26. Bxb5
Rc7 27. Ra3 Rb8 28. Ba6 Ne6 29. Rd1 Ngf4 30. Bg3 Kh7 31. Nh4 g6 32. Nf3 g5
33. h4 Rg8 34. hxg5 hxg5 35. dxe5 dxe5 36. Qe1 Kg7 37. Bxf4 Nxf4 38. g3
Nh3+ 39. Kg2 Nxf2 40. c4 Nxd1 41. c5 g4 42. Nh4 Rd8 43. Be2 Rxc5 44. bxc5
Bxc5 45. Rb3 Qf2+ 46. Qxf2 Nxf2 47. Nf5+ Kf6 48. Nh6 Rd2 49. Kf1 Nxe4 50.
Nxg4+ Kg7 51. Nxe5 Rd5 52. Nc6 Nd2+ 53. Ke1 Nxb3 54. Bc4 Rd6 55. Ne5 Bb4+
56. Ke2 Nc1+ 57. Ke3 f5 58. Kf4 Kf6 59. Nf3 a5 60. g4 fxg4 61. Kxg4 a4 62.
Kh5 a3 63. Ng5 Kf5 64. Nf7 Rd4 65. Nh6+ Kf4 66. Bg8 a2 67. Bxa2 Nxa2 68.
Nf7 Be7 69. Kg6 Nc3 70. Nh6 Rd6+ 71. Kh7 Ne4 72. Kg7 Bf6+ 73. Kf8 Ng5 74.
Nf7 Rd7 75. Ke8 Re7+ 76. Kf8 Rxf7+ 77. Ke8 Rc7 78. Kf8 Rc8# { White
checkmated } 0-1

[Event "ICC tourney 2248 (120 10)"]
[Site "Internet Chess Club"]
[Date "2020.12.27"]
[Round "4"]
[White "peekaboopenguin"]
[Black "saisneha"]
[Result "0-1"]
[ICCResult "White checkmated"]
[WhiteElo "1636"]
[BlackElo "1883"]
[Opening "Ruy Lopez: closed, Flohr-Zaitsev system (Lenzerheide variation)"]
[ECO "C92"]
[NIC "RL.26"]
[Time "17:17:33"]
[PlyCount "104"]
[TimeControl "7200+10"]

1. e4 e5 2. Nf3 Nc6 3. Bb5 a6 4. Ba4 Nf6 5. O-O Be7 6. Re1 b5 7. Bb3 d6 8.
c3 O-O 9. h3 Bb7 10. d4 Re8 11. Bg5 Nxe4 12. Rxe4 Bxg5 13. Nxg5 Qxg5 14.
Rg4 Qf6 15. Na3 Ne7 16. Nc2 Ng6 17. Ne3 Rad8 18. Qc2 Nf4 19. d5 e4 20. Rd1
a5 21. a4 Ba6 22. axb5 Bxb5 23. c4 Bd7 24. Rg3 Nh5 25. Ng4 Qf4 26. Re3 f5
27. Nh2 Qg5 28. Kh1 Nf4 29. Rg1 Nd3 30. Re2 f4 31. f3 Nc5 32. fxe4 a4 33.
Ba2 Rxe4 34. Rxe4 Bf5 35. Rge1 Qg6 36. Re8+ Rxe8 37. Rxe8+ Qxe8 38. Qxf5
Qe1+ 39. Nf1 Qxf1+ 40. Kh2 f3 41. Qc8+ Kf7 42. Qxc7+ Ke8 43. Qc8+ Ke7 44.
Qg4 f2 45. Qxg7+ Kd8 46. Qh8+ Kc7 47. Qc3 Qg1+ 48. Kg3 Ne4+ 49. Kg4 Nxc3
50. bxc3 f1=Q 51. h4 Qgxg2+ 52. Kh5 Qg6# { White checkmated } 0-1

[Event "ICC tourney 2248 (120 10)"]
[Site "Internet Chess Club"]
[Date "2020.12.27"]
[Round "4"]
[White "dswang"]
[Black "UltimateDL"]
[Result "1/2-1/2"]
[ICCResult "Game drawn by mutual agreement"]
[WhiteElo "1828"]
[BlackElo "1480"]
[Opening "Queen's gambit accepted"]
[ECO "D20"]
[NIC "QG.03"]
[Time "17:18:13"]
[PlyCount "154"]
[TimeControl "7200+10"]

1. d4 d5 2. c4 dxc4 3. e3 e5 4. Bxc4 exd4 5. exd4 Bd6 6. Nf3 Nf6 7. O-O O-O
8. h3 h6 9. Nc3 Nc6 10. Be3 Bf5 11. a3 a6 12. Ba2 Qd7 13. Ne2 Rad8 14. Rc1
Rfe8 15. Bb1 Bxb1 16. Rxb1 Ne7 17. Nc3 Ned5 18. Nxd5 Nxd5 19. Qd3 c6 20. b4
Bf4 21. Rfe1 Bd6 22. Bd2 Bf4 23. a4 Bxd2 24. Qxd2 Nc7 25. Rbd1 Nd5 26. Ne5
Qd6 27. Nd3 Rxe1+ 28. Qxe1 Rd7 29. Qe8+ Kh7 30. Ne5 Nf6 31. Qc8 Re7 32.
Qf5+ g6 33. Qb1 Nd5 34. Rd3 Qxb4 35. Qc2 Qe1+ 36. Kh2 Qe4 37. Qd2 Nf4 38.
Rf3 g5 39. Ng4 Kg6 40. Qb4 h5 41. Ne3 f6 42. Qd6 Qe6 43. Qc5 Qe4 44. Qd6
Qe6 45. Qc5 Qe4 46. Nf5 Rd7 47. Ng3 Qd5 48. Qf8 Rd8 49. Qe7 Rd7 50. Qf8 Rd8
51. Qe7 Rd7 52. Qe8+ Qf7 53. Qe4+ f5 54. Qe5 Rd5 55. Qh8 h4 56. Nf1 Qd7 57.
Ne3 Qd8 58. Qxd8 Rxd8 59. g3 hxg3+ 60. fxg3 Ne6 61. Nxf5 Nxd4 62. Nxd4 Rxd4
63. a5 Ra4 64. Rb3 Ra2+ 65. Kg1 Rxa5 66. Rxb7 Rb5 67. Ra7 Ra5 68. Rc7 Rc5
69. Ra7 a5 70. Ra6 Kf5 71. Kf2 Ke4 72. Ke2 Rc2+ 73. Kd1 Rc5 74. Ke2 Re5 75.
Kf2 Rc5 76. Ke2 Rc2+ 77. Kd1 Rc5 { Game drawn by mutual agreement } 1/2-1/2

[Event "ICC tourney 2248 (120 10)"]
[Site "Internet Chess Club"]
[Date "2020.12.27"]
[Round "4"]
[White "wulovechess"]
[Black "cdj12417489"]
[Result "1-0"]
[ICCResult "Black forfeits on time"]
[WhiteElo "1612"]
[BlackElo "1268"]
[Opening "Sicilian: Najdorf, Lipnitzky attack"]
[ECO "B90"]
[NIC "SI.13"]
[Time "17:17:47"]
[PlyCount "75"]
[TimeControl "7200+10"]

1. e4 c5 2. Nf3 d6 3. d4 cxd4 4. Nxd4 Nf6 5. Nc3 a6 6. Bc4 Nc6 7. O-O e6 8.
Bg5 Be7 9. Re1 Qc7 10. Bb3 Na5 11. Rc1 Nc4 12. Bxc4 Qxc4 13. e5 dxe5 14.
Rxe5 Qc7 15. Re3 e5 16. Nf3 Bg4 17. h3 Bxf3 18. Qxf3 h6 19. Bxf6 Bxf6 20.
Nd5 Qd6 21. Nxf6+ gxf6 22. Qxb7 Rb8 23. Qe4 Rxb2 24. Rd3 Qc7 25. Qa4+ Rb5
26. Qxa6 Qb7 27. Qxf6 Rd5 28. Qxh8+ Ke7 29. Rxd5 Qxd5 30. Qxh6 Qxa2 31.
Qh4+ Ke6 32. Qg4+ Ke7 33. Qb4+ Kf6 34. Qd6+ Qe6 35. Qxe6+ Kxe6 36. f3 Kd5
37. c4+ Kc5 38. Kf2 { Black forfeits on time } 1-0

[Event "ICC tourney 2248 (120 10)"]
[Site "Internet Chess Club"]
[Date "2020.12.27"]
[Round "4"]
[White "prabp"]
[Black "Minsco"]
[Result "1/2-1/2"]
[ICCResult "Game drawn by mutual agreement"]
[WhiteElo "1582"]
[BlackElo "1750"]
[Opening "Queen's pawn, Mason variation"]
[ECO "D00"]
[NIC "QP.08"]
[Time "17:17:49"]
[PlyCount "113"]
[TimeControl "7200+10"]

1. d4 d5 2. Bf4 Nf6 3. e3 e6 4. c3 c5 5. Nd2 Nc6 6. Ngf3 Be7 7. Bd3 Nh5 8.
Be5 Nxe5 9. Nxe5 Nf6 10. Ndf3 O-O 11. Ng5 cxd4 12. exd4 h6 13. h4 Ne4 14.
Nxe4 dxe4 15. Bxe4 Bxh4 16. Qg4 Bxf2+ 17. Kxf2 f5 18. Bxf5 Rxf5+ 19. Ke2 b6
20. Ke3 Qf6 21. Rh5 Rxh5 22. Qxh5 Bb7 23. g3 Rf8 24. Nd3 Qf3+ 25. Qxf3
Rxf3+ 26. Kd2 Rxg3 27. Nf4 Kf7 28. Re1 Bc8 29. Rf1 Ke7 30. Re1 Kd6 31. c4
g5 32. c5+ bxc5 33. dxc5+ Kxc5 34. Rc1+ Kd6 35. Ne2 Rg4 36. Rxc8 h5 37.
Rd8+ Kc7 38. Rh8 h4 39. Ke3 Ra4 40. a3 Kd6 41. Rh5 Ra5 42. Nc3 Rf5 43. Ne4+
Kd5 44. Rxg5 h3 45. Nc3+ Kc4 46. Rg1 Kb3 47. Nd1 a5 48. Rh1 Rh5 49. Kf3 e5
50. Kg4 Rh8 51. Rxh3+ Rxh3 52. Kxh3 a4 53. Kg3 Kc2 54. Nc3 Kxb2 55. Nxa4+
Kxa3 56. Kf3 Kxa4 57. Ke4 { Game drawn by mutual agreement } 1/2-1/2